 Dungeon Crawl Stone Soup version 0.32-a0-18-g89e19f1974 (webtiles) character file.

Game seed: 15951489912650746955

3224 cforsyth the Fighter (level 9, -13/98 HPs)
             Began as an Oni Shapeshifter on Jan 16, 2024.
             Was a Follower of Qazlal.
             Killed from afar by a manticore (19 damage)
             ... with a volley of spikes
             ... on level 9 of the Dungeon.
             The game lasted 00:15:40 (10179 turns).

cforsyth the Fighter (Oni Shapeshifter)            Turns: 10179, Time: 00:15:41

Health: -13/98     AC:  3    Str: 24    XL:     9   Next: 98%
Magic:  9/9        EV:  9    Int: 11    God:    Qazlal [*.....]
Gold:   447        SH:  2    Dex:  8    Spells: 8/8 levels left

rFire   . .          .
                       - Unarmed
rCold   . . .        (no shield)
rNeg    . . .        a - +0 animal skin
rPois   .            (helmet currently unavailable)
rElec   .            (cloak currently unavailable)
rCorr   .            (gloves unavailable)
SInv    .            (boots unavailable)
Will    .....        (no amulet)
Stlth   +            (no ring)
HPRegen 0.36/turn    (no ring)
MPRegen 0.11/turn

%: no passive effects
@: beast-form, spiked
A: beast (slay +4), large, unfitting armour, horns 1, tough skin 1, double
potion healing, drunken brawling
a: Begin Untransformation, Renounce Religion


You were on level 9 of the Dungeon.
You worshipped Qazlal.
Qazlal was aware of your devotion.
You were a hulking beast.
You visited 2 branches of the dungeon, and saw 10 of its levels.

You collected 447 gold pieces.

Inventory:

Armour
 a - a +0 animal skin (worn)
 v - a +2 cloak
Jewellery
 A - an amulet of faith
Talismans
 c - a beast talisman
 d - a flux talisman
 k - a granite talisman
Wands
 b - a wand of light (2)
 C - a wand of digging (7)
Scrolls
 e - a scroll of noise
 g - 3 scrolls of teleportation
 h - a scroll of vulnerability {unknown}
 l - a scroll of amnesia {unknown}
 n - 3 scrolls of revelation
 r - a scroll of poison
 t - a scroll of torment {unknown}
 u - a scroll of brand weapon {unknown}
 x - a scroll of fog {unknown}
 y - a scroll of butterflies {unknown}
 z - 2 scrolls of acquirement {unknown}
 D - a scroll of fear {unknown}
Potions
 f - a potion of haste {unknown}
 i - 2 potions of magic {unknown}
 m - 3 potions of resistance
 o - a potion of curing
 p - a potion of attraction {unknown}
 q - 3 potions of might
 s - a potion of enlightenment {unknown}
 w - a potion of brilliance {unknown}
 B - a potion of heal wounds {unknown}


   Skills:
 - Level 9.0 Fighting
 - Level 1.7 Dodging
 + Level 8.2 Unarmed Combat
 + Level 8.3 Shapeshifting


You had 8 spell levels left.
You didn't know any spells.
Your spell library contained the following spells:

 Spells                   Type           Power      Damage    Failure   Level
 Sting                    Conj/Alch      0%         1d3       34%         1
 Lesser Beckoning         Tloc           0%         N/A       47%         2
 Mercury Vapours          Alch/Air       0%         N/A       47%         2
 Call Canine Familiar     Summ           0%         N/A       71%         3
 Dazzling Flash           Conj/Hex       0%         N/A       71%         3
 Gell's Gravitas          Tloc           0%         N/A       71%         3
 Mephitic Cloud           Conj/Alch/Air  0%         N/A       71%         3
 Sigil of Binding         Hex            0%         N/A       71%         3
 Teleport Other           Tloc           0%         N/A       71%         3
 Tukima's Dance           Hex            0%         N/A       71%         3
 Volatile Blastmotes      Fire/Tloc      0%         2d10      71%         3
 Dimensional Bullseye     Hex/Tloc       0%         N/A       98%         4
 Martyr's Knell           Necr/Summ      0%         N/A       98%         4
 Olgreb's Toxic Radiance  Alch           0%         N/A       98%         4
 Passage of Golubria      Tloc           0%         N/A       98%         4
 Alistair's Intoxication  Alch           0%         N/A       100%        5
 Borgnjor's Vile Clutch   Necr/Erth      0%         N/A       100%        5
 Curse of Agony           Necr           0%         N/A       100%        5
 Silence                  Hex/Air        0%         N/A       100%        5
 Yara's Violent Unravell  Hex/Alch       0%         3d3       100%        5
 Eringya's Noxious Bog    Alch           0%         4d6       100%        6
 Starburst                Conj/Fire      0%         6d3       100%        6
 Lehudib's Crystal Spear  Conj/Erth      0%         10d2      100%        8
 Maxwell's Capacitive Co  Air            0%         ∞         100%        8


Dungeon Overview and Level Annotations

Branches:
Dungeon (9/15)             Temple (1/1) D:4             Orc (0/2) D:9
   Lair: D:8-11

Altars:
Ashenzari
Cheibriados
Elyvilon
Fedhas
Gozag
Hepliaklqana
Kikubaaqudgha
Makhleb
Nemelex Xobeh
Okawaru
Qazlal
Ru
Sif Muna
Trog
Uskayaw
Vehumet
Wu Jian
Xom
Yredelemnul
Zin
The Shining One

Annotations:
D:3 2 runed translucent doors, Crazy Yiuf; soberseth's ghost, amateur KoHu
D:5 Prince Ribbit


Innate Abilities, Weirdness & Mutations

You are a hulking beast.
Your limbs bulge with bestial killing power. (Slay +4)
You are too large for most types of armour.
You have a pair of small horns on your head.
You have tough skin. (AC +1)
You gain doubled healing and magic from potions.
Whenever you drink a healing potion, you attack all around you.


Message History

No target in view!
No target in view!
No target in view!
You see here a +0 dagger.
Things that are here:
a +0 whip; 8 poisoned darts; a kobold skeleton
Things that are here:
a +0 dagger; a kobold skeleton You see here a +0 short sword.
You see here 2 boomerangs.
z - 2 scrolls labelled GEUBRAF ANGOMM (gained 1)
You now have 447 gold pieces (gained 21).
A manticore comes into view.
A manticore is nearby!
A manticore is nearby!
Found an escape hatch in the ceiling.
The manticore flicks its tail.
The volley of spikes skewers you!
The barbed spikes become lodged in your body.
Okay, then.
The barbed spikes dig painfully into your body as you move.
The manticore bites you!! The manticore claws you!
The manticore barely misses you.
You are too injured to fight recklessly!
You hit the manticore.
The manticore is lightly wounded.
The manticore bites you!!
* * * LOW HITPOINT WARNING * * *
The manticore claws you!
* * * LOW HITPOINT WARNING * * *
The manticore claws you!
* * * LOW HITPOINT WARNING * * *
Okay, then.
Blink to where?
Press: ? - help, Dir - move target
As you read the scroll of blinking, it crumbles to dust.
The manticore flicks its tail.
The volley of spikes skewers you!!
The barbed spikes become lodged in your body.
You die...

### ########## ..#
#........# ..#
#.##.##..#
..###.##.##..#
.........##..#
..###.#####..#####
..###.#####..#...#
..#............#h#
.##.....######...#
........# ##§##
.##.....# #H#
.##.....# ...
.######## .#.## ##
#.#.# . ..# #. ###


You could see a manticore.

Vanquished Creatures
  2 yaks
  A water moccasin (D:6)
  A black bear (D:5)
  3 ogres
  2 ice beasts (D:5)
  2 centaurs (D:9)
  A phantom (D:4)
  3 kobold brigands
  2 gnoll sergeants
  5 bullfrogs
  4 scorpions
  3 wights (D:7)
  2 howler monkeys (D:7)
  A jelly (D:7)
  3 orc priests
  A gnoll bouda (D:4)
  5 hounds
  6 iguanas
  Jessica (D:2)
  6 orc wizards
  12 gnolls
  5 adders
  A shadow imp (D:5)
  4 ribbon worms
  37 orcs
  4 ball pythons
  5 endoplasms
  3 giant cockroaches
  4 goblins
  2 hobgoblins
  3 jackals (D:3)
  22 kobolds
  4 quokkas
  3 bats
  A frilled lizard (D:2)
  6 rats
170 creatures vanquished.

Notes
Turn   | Place    | Note
-------+----------+-------------------------------------------
     0 | D:1      | cforsyth the Oni Shapeshifter began the quest for the Orb.
     0 | D:1      | Reached XP level 1. HP: 19/19 MP: 1/1
   413 | D:1      | Reached XP level 2. HP: 28/28 MP: 2/2
   855 | D:2      | Reached skill level 2 in Fighting
   875 | D:2      | Reached XP level 3. HP: 36/36 MP: 3/3
  1118 | D:2      | Noticed Jessica
  1140 | D:2      | Killed Jessica
  1141 | D:2      | Reached skill level 3 in Fighting
  1141 | D:2      | Reached XP level 4. HP: 34/45 MP: 4/4
  1780 | D:3      | Noticed soberseth's ghost (amateur KoHu)
  1780 | D:3      | Found a runed translucent door.
  1958 | D:3      | Found a white marble altar of Elyvilon.
  2003 | D:3      | Found a runed translucent door.
  2004 | D:3      | Noticed Crazy Yiuf
  2237 | D:3      | Reached XP level 5. HP: 47/54 MP: 5/5
  2309 | D:2      | Reached skill level 4 in Fighting
  2827 | D:4      | Found an opulent altar of Gozag.
  2960 | D:4      | Noticed a phantom
  3084 | D:4      | Reached XP level 6. HP: 55/63 MP: 6/6
  3146 | D:4      | Found a staircase to the Ecumenical Temple.
  3214 | Temple   | Entered the Ecumenical Temple
  3239 | Temple   | Became a worshipper of Qazlal Stormbringer
  3286 | D:4      | Reached skill level 5 in Fighting
  3570 | D:4      | Reached XP level 7. HP: 70/72 MP: 7/7
  3598 | D:4      | HP: 1/72 [poisoned by a gnoll]
  3956 | D:5      | Entered Level 5 of the Dungeon
  4250 | D:5      | Reached skill level 5 in Shapeshifting
  4353 | D:5      | Reached skill level 6 in Fighting
  4418 | D:5      | Reached skill level 5 in Unarmed Combat
  4598 | D:5      | Reached XP level 8. HP: 84/84 MP: 8/8
  4604 | D:5      | Noticed Prince Ribbit
  4625 | D:5      | Reached * piety under Qazlal
  4685 | D:5      | Reached skill level 7 in Fighting
  6448 | D:6      | Reached skill level 8 in Fighting
  6585 | D:6      | Reached XP level 9. HP: 41/97 MP: 9/9
  7697 | D:7      | Reached skill level 9 in Fighting
  9402 | D:8      | Got the Compilation of the Grim Caves
  9972 | D:9      | Found a staircase to the Orcish Mines.
 10175 | D:9      | Noticed a manticore
 10179 | D:9      | Killed from afar by a manticore

Illustrated notes

Levels and vault maps discovered:
D:1:      evilmike_arrival_rings, layout_basic, minmay_misc_feat_square,
          chequers_big_river
D:2:      layout_basic, nicolae_titane, uniq_jessica
D:3:      cheibrodos_pilgrimage, layout_rooms,
          mainiacjoe_overflow_six_doors_small, ebering_ghost_reflecting_pool,
          hex_large, st_stairs_2, uniq_crazy_yiuf_cottage
D:4:      layout_basic, grunt_gozag_statues, minmay_temple_entry_poolview,
          kennysheep_windowed_goal
D:5:      layout_gridville, grunt_ministairs_10, minmay_misc_feat_x,
          minmay_hedge_maze, uniq_prince_ribbit1
D:6:      layout_basic
D:7:      layout_basic
D:8:      layout_basic
D:9:      layout_loops_cross, orc_0_dummy
Temple:   compressed_dpeg_triangle_lava_temple

Skill      XL: |  1  2  3  4  5  6  7  8  9 |
---------------+----------------------------+-----
Fighting       | 2 3 4 5 6 8 9 |  9.0
Unarmed Combat | 3 4 5 6 8 |  8.2
Shapeshifting  | 4 5 6 8 |  8.3
Dodging        | |  1.7

Action                     |  1- 3 |  4- 6 |  7- 9 || total
---------------------------+-------+-------+-------++-------
  Melee: Unarmed           |    47 |   159 |   315 ||   521
         Headbutt          |    10 |    22 |    61 ||    93
         Punch             |       |     2 |     7 ||     9
  Evoke: Wand              |       |     1 |     3 ||     4
    Use: Scroll            |       |     5 |     8 ||    13
         Potion            |       |       |     4 ||     4
 Armour: Animal skin       |    25 |   110 |   238 ||   373
         Skin              |       |       |    12 ||    12
  Dodge: Dodged            |    14 |    84 |    98 ||   196
  Block: Other             |       |       |    12 ||    12

Table legend: (Time is in decaauts)
 A = Elapsed time spent in this place.
 B = Non-inter-level travel time spent in this place.
 C = Inter-level travel time spent in this place.
 D = Time resting spent in this place.
 E = Time spent auto-exploring this place.
 F = Levels seen in this place.
 G = Mean time per level.
                   A        B        C        D        E       F      G
               +--------+--------+--------+--------+--------+-----+--------+
         Total |  10140 |   9927 |    213 |   2003 |   6286 |  10 | 1014.0 |
       Dungeon |  10099 |   9902 |    197 |   2003 |   6286 |   9 | 1122.1 |
        Temple |     40 |     25 |     15 |      0 |      0 |   1 |   40.0 |
               +--------+--------+--------+--------+--------+-----+--------+

Top non-repeatable levels by time:
     D:5: 2257 daAuts
     D:6: 1297 daAuts
     D:7: 1185 daAuts
     D:4: 1185 daAuts
     D:2: 1042 daAuts
     D:8: 884 daAuts
     D:3: 882 daAuts
     D:1: 825 daAuts
     D:9: 540 daAuts
  Temple: 40 daAuts
